 Dungeon Crawl Stone Soup version 0.20-a0-830-g2c9a30d (webtiles) character file.

4043 DakAttack the Destroyer (level 10, -8/60 HPs)
             Began as a Gargoyle Conjurer on Mar 6, 2017.
             Was a Believer of Cheibriados.
             Killed from afar by a wretched star (16 damage)
             ... with an orb of energy
             ... on level 1 of the Abyss.
             The game lasted 00:25:57 (11933 turns).

DakAttack the Destroyer (Gargoyle Conjurer)        Turns: 11933, Time: 00:25:58

Health: -8/60      AC: 12    Str: 16    XL:     10   Next: 24%
Magic:  12/21      EV: 15    Int: 24    God:    Cheibriados [**....]
Gold:   475        SH:  0    Dex: 15    Spells: 9/24 levels left

rFire    . . .     SeeInvis .   D - +0 glaive
rCold    . . .     Gourm    .   a - +0 robe
rNeg     + . .     Faith    .   (shield currently unavailable)
rPois    ∞         Spirit   .   d - +1 helmet {Int+3}
rElec    +         Reflect  .   (no cloak)
rCorr    .         Harm     .   i - +0 pair of gloves
MR       .....                  (no boots)
Stlth    ++........             (no amulet)
Regen    0.2/turn               (no ring)
MPRegen  0.2/turn               g - ring of flight

@: very slow
A: blurry vision 2, dopey 2, negative energy resistance 1, electricity
resistance, unbreathing, petrification resistance, rot immunity, subdued magic
2, AC +7
a: Bend Time, Renounce Religion, Evoke Flight


You were on level 1 of the Abyss.
You worshipped Cheibriados.
Cheibriados was pleased with you.
You were not hungry.

You visited 2 branches of the dungeon, and saw 10 of its levels.
You visited the Abyss 1 time.

You collected 475 gold pieces.

Inventory:

Hand Weapons
 p - a +0 whip
 t - a +0 morningstar
 D - a +0 glaive (weapon)
 E - a +0 trident
Armour
 a - a +0 robe (worn)
 d - a +1 helmet of intelligence (worn)
 i - a +0 pair of gloves (worn)
Jewellery
 g - a ring of flight (left hand)
 A - the cursed ring "Zuuxocub" {rPois rC+ Str+7 Int-2 Stlth-, unknown}
   (You found it on level 7 of the Dungeon)

   [ring of intelligence]

   It affects your strength (+7).
   It affects your intelligence (-2).
   It protects you from cold.
   It protects you from poison.
   It makes you less stealthy.
   It has a curse placed upon it.
Wands
 k - a wand of iceblast (12/15)
 m - a wand of flame (26/48)
 n - a wand of polymorph (8/24)
 o - a wand of confusion (48/48)
 u - a wand of iceblast (4/15)
 x - a wand of random effects (35/48)
 y - a wand of acid (7/15)
 B - a wand of clouds (5/9)
Scrolls
 e - 4 scrolls of remove curse
 q - a scroll of teleportation
 s - a scroll of amnesia
 w - 4 scrolls of recharging
 C - a scroll of identify
Potions
 l - a potion of cancellation {unknown}
 r - 2 potions of lignification {unknown}
 v - a potion of magic {unknown}
 z - a potion of degeneration {unknown}
Books
 b - a book of Conjurations

   Spells                             Type                      Level
   a - Magic Dart                     Conjuration                  1
   b - Searing Ray                    Conjuration                  2
   c - Dazzling Spray                 Conjuration/Hexes            3
   d - Fulminant Prism                Conjuration/Hexes            4
   e - Force Lance                    Conjuration/Translocation    4
   f - Iskenderun's Mystic Blast      Conjuration                  4
Comestibles
 c - 6 bread rations
 f - 11 fruits
 h - 2 meat rations
 j - a royal jelly


   Skills:
 + Level 6.2 Fighting
 + Level 1.0 Polearms
 + Level 5.1 Dodging
 - Level 2.1 Stealth
 * Level 7.8 Spellcasting
 * Level 10.2 Conjurations


You had 9 spell levels left.
You knew the following spells:

 Your Spells              Type           Power        Failure   Level  Hunger
a - Magic Dart            Conj           ####         1%          1    None
b - Searing Ray           Conj           #####.       1%          2    None
c - Iskenderun's Mystic   Conj           #####...     1%          4    ###....
d - Force Lance           Conj/Tloc      ###.....     6%          4    ###....
e - Fulminant Prism       Conj/Hex       ###.......   6%          4    ###....


Dungeon Overview and Level Annotations

Branches:
Dungeon (9/15)             Temple (1/1) D:7
   Lair: D:8-11         Orc: D:9-12

Altars:
Ashenzari
Cheibriados
Dithmenos
Elyvilon
Fedhas
Gozag
Hepliaklqana
Kikubaaqudgha
Makhleb
Nemelex Xobeh
Okawaru
Qazlal
Ru
Sif Muna
Trog
Uskayaw
Vehumet
Wu Jian
Xom
Yredelemnul
Zin
The Shining One

Annotations:
D:9 Psyche


Innate Abilities, Weirdness & Mutations

You are resistant to torment.
Your stone body is resilient. (AC +7)
You are immune to poison.
You resist negative energy. (rN+)
You are resistant to electric shocks. (rElec)
You can survive without breathing.
You are immune to petrification.
You are immune to rotting.
[Scrolls take you longer to read.]
[You are very dopey. (Int -4)]
[Your spells are easier to cast, but less powerful.]


Message History

The orb of energy misses you.
The wretched star pulses with an eldritch light!
Your vision blurs. x2; Your connection to magic feels subdued.
Your connection to magic feels more subdued.
The wretched star pulses with an eldritch light!
You feel stupid. x2
You see here a scroll of teleportation.
q - a scroll of teleportation The wretched star glows turbulently.
The orb of energy hits you!
Ouch! That really hurt!
* * * LOW HITPOINT WARNING * * *
The orb of energy explodes!
Really read with blurry vision while enemies are nearby? [Y]es or [N]o only, please.
Really read with blurry vision while enemies are nearby?
You begin reading the scroll.
You continue reading the scroll.
The wretched star glows turbulently.
The orb of energy hits you!
You die...

#.#. ##.#
...
#.##....#..
#...#..#.#
.#..#.#..#
...#.##.##
###..#.#.#
#...#..#
#.....*#
#.... #@#
###...#%..#
..#...##..#
#.##... .##
.. #... .
#... ..
###. .# .#
.#


You could see a wretched star.

Vanquished Creatures
  A troll (D:9)
  The ghost of petzl the Magician, an amateur BaWn (D:4)
  A hippogriff (D:8)
  2 wyverns
  Eustachio (D:4)
  An acid dragon (D:8)
  An ice beast (D:8)
  A sky beast (D:7)
  2 orc warriors
  2 ogres (D:7)
  A phantom (D:7)
  6 centaurs
  3 bullfrogs
  A big kobold (D:8)
  4 scorpions
  4 killer bees
  3 howler monkeys
  A crimson imp (D:3)
  A quasit (D:5)
  4 orc priests
  A bullfrog skeleton (D:8)
  3 hounds
  8 orc wizards
  A centaur skeleton (D:7)
  7 worker ants
  An iguana (D:7)
  2 killer bee zombies
  A hound skeleton (D:6)
  A howler monkey skeleton (D:8)
  A worker ant zombie (D:6)
  Robin (D:1)
  A gnoll (D:1)
  6 adders
  2 shadow imps
  3 adder skeletons
  4 worms
  A dart slug (D:1)
  6 leopard geckos
  27 orcs
  6 bats
  7 giant cockroaches
  13 goblins
  12 hobgoblins
  6 jackals
  6 quokkas
  3 ball pythons
  7 frilled lizards
  11 kobolds
  A leopard gecko zombie (D:6)
  10 rats
200 creatures vanquished.

Notes
Turn   | Place    | Note
-------+----------+-------------------------------------------
     0 | D:1      | DakAttack the Gargoyle Conjurer began the quest for the Orb.
     0 | D:1      | Reached XP level 1. HP: 10/10 MP: 3/3
   149 | D:1      | Reached XP level 2. HP: 15/15 MP: 0/5
   602 | D:2      | Reached XP level 3. HP: 20/20 MP: 3/6
   607 | D:2      | Noticed Robin
   806 | D:1      | Learned a level 2 spell: Searing Ray
   910 | D:1      | Reached skill level 1 in Fighting
  1108 | D:1      | Killed Robin
  1108 | D:1      | Reached skill level 5 in Conjurations
  1673 | D:1      | Reached XP level 4. HP: 7/25 MP: 0/7
  2082 | D:2      | Found an iron altar of Okawaru.
  2643 | D:3      | Found a glowing golden altar of the Shining One.
  2676 | D:3      | Learned a level 4 spell: Iskenderun's Mystic Blast
  3055 | D:3      | Reached XP level 5. HP: 29/29 MP: 1/9
  3498 | D:4      | Reached XP level 6. HP: 35/35 MP: 0/10
  3722 | D:4      | Reached skill level 6 in Conjurations
  3902 | D:4      | Found an opulent altar of Gozag.
  4040 | D:4      | Noticed petzl's ghost (amateur BaWn)
  4061 | D:4      | Killed petzl's ghost
  4061 | D:4      | Reached XP level 7. HP: 18/40 MP: 1/13
  4412 | D:4      | Found an ornate altar of the Wu Jian Council.
  4714 | D:5      | Entered Level 5 of the Dungeon
  5107 | D:5      | Reached skill level 7 in Conjurations
  5224 | D:5      | Found a radiant altar of Vehumet.
  5314 | D:5      | Found a burning altar of Makhleb.
  5314 | D:5      | Found a hazy altar of Hepliaklqana.
  5374 | D:5      | Reached XP level 8. HP: 43/48 MP: 8/15
  5990 | D:4      | Noticed Eustachio
  6009 | D:4      | Killed Eustachio
  6161 | D:6      | Reached skill level 5 in Spellcasting
  6555 | D:6      | Learned a level 4 spell: Force Lance
  6681 | D:6      | Found a bloodstained altar of Trog.
  7708 | D:7      | Found a staircase to the Ecumenical Temple.
  7716 | D:7      | Reached skill level 8 in Conjurations
  7789 | Temple   | Entered the Ecumenical Temple
  7837 | Temple   | Became a worshipper of Cheibriados the Contemplative
  8178 | D:7      | Got a coiled brass ring
  8342 | D:7      | Reached XP level 9. HP: 41/52 MP: 1/18
  9323 | D:7      | Reached skill level 5 in Fighting
  9512 | D:8      | Reached skill level 9 in Conjurations
  9596 | D:8      | Reached * piety under Cheibriados
 10797 | D:8      | Reached skill level 5 in Dodging
 10920 | D:8      | Reached XP level 10. HP: 60/60 MP: 21/21
 10928 | D:8      | Found a stormy altar of Qazlal.
 10934 | D:8      | Learned a level 4 spell: Fulminant Prism
 11133 | D:8      | Reached ** piety under Cheibriados
 11133 | D:8      | Reached skill level 10 in Conjurations
 11448 | D:8      | Found an ancient bone altar of Kikubaaqudgha.
 11771 | D:9      | Reached skill level 1 in Polearms
 11891 | D:9      | Noticed Psyche
 11894 | D:9      | Cast into level 1 of the Abyss (Psyche)
 11920 | Abyss:1  | Noticed a wretched star
 11933 | Abyss:1  | Killed from afar by a wretched star

Vault maps used:
D:1:      dpeg_arrival_simpleton_b
D:2:      okawaru_altar_gauntlet_db, uniq_robin
D:3:      first_bread, tso_metal_star
D:4:      nicolae_overflow_hidden_temple, grunt_gozag_breadcrumbs,
          uniq_eustachio
D:5:      vehumet_altar_wand_db, gammafunk_temple_overflow_elements
D:6:      lightli_temple_of_fire
D:7:      minmay_temple_entry_trees
D:8:      lemuel_crystal_altar, kiku_gazebo_pond_becter
D:9:      enter_bailey_3, uniq_psyche, uniq_erica
Temple:   regret_index_temple_waves

Skill      XL: |  1  2  3  4  5  6  7  8  9 10 |
---------------+-------------------------------+-----
Fighting       | 1 2 3 4 5 6 |  6.2
Conjurations   | 5 6 7 8 9 10 | 10.2
Dodging        | 2 3 4 5 |  5.1
Spellcasting   | 3 4 6 7 |  7.8
Polearms       | 1 |  1.0
Stealth        | |  2.1

Action                   |  1- 3 |  4- 6 |  7- 9 | 10-12 || total
-------------------------+-------+-------+-------+-------++-------
Melee: Unarmed           |    49 |    10 |     3 |       ||    62
       Whip              |       |    14 |       |       ||    14
       Morningstar       |       |    43 |   191 |       ||   234
       Glaive            |       |       |     4 |    46 ||    50
 Cast: Magic Dart        |    53 |    97 |   147 |    29 ||   326
       Searing Ray       |     4 |     6 |     8 |       ||    18
       Iskenderun's Myst |       |     2 |    35 |    17 ||    54
       Force Lance       |       |       |    33 |     7 ||    40
  Use: Scroll            |     4 |     4 |     4 |     2 ||    14
       Potion            |     1 |     2 |     4 |       ||     7
 Stab: Sleeping          |     1 |       |     1 |     1 ||     3
       Invisible         |       |     1 |       |       ||     1
  Eat: Bread ration      |     1 |       |       |       ||     1
       Chunk             |       |     6 |    10 |     1 ||    17
       Fruit             |       |     1 |     1 |       ||     2
       Royal jelly       |       |     1 |     1 |     1 ||     3
       Meat ration       |       |       |     3 |       ||     3
Armor: Robe              |    43 |    45 |   164 |    34 ||   286
       Skin              |       |       |     3 |       ||     3
Dodge: Dodged            |    81 |    75 |   360 |    51 ||   567
